 Dungeon Crawl Stone Soup version 0.29.1-15-g9cfb28693d (webtiles) character file.

Game seed: 7573027641046116476

205 Descartes the Shield-Bearer (level 6, -5/49 HPs)
             Began as a Formicid Fighter on Apr 28, 2023.
             Slain by an ogre
             ... wielding a +0 giant spiked club
              (25 damage)
             ... on level 3 of the Dungeon.
             The game lasted 00:03:26 (3292 turns).

Descartes the Shield-Bearer (Formicid Fighter)      Turns: 3292, Time: 00:03:27

Health: -5/49      AC: 10    Str: 22    XL:     6   Next: 10%
Magic:  6/6        EV:  7    Int:  8    God:
Gold:   155        SH:  5    Dex: 13    Spells: 5/5 levels left

rFire   + . .      SeeInvis +   a - +0 war axe
rCold   . . .      Faith    .   c - +0 buckler
rNeg    . . .      Spirit   .   o - +1 chain mail {rF+}
rPois   .          Reflect  .   (helmet unavailable)
rElec   .          Harm     .   (no cloak)
rCorr   .          Rampage  .   (no gloves)
Will    .....                   (no boots)
Stlth   ..........              (no amulet)
HPRegen 0.16/turn               (no ring)
MPRegen 0.10/turn               (no ring)

@: no status effects
A: permanent stasis, dig shafts and tunnels, antennae 3, four strong arms
a: Dig, Shaft Self


You were on level 3 of the Dungeon.
You visited 1 branch of the dungeon, and saw 4 of its levels.

You collected 155 gold pieces.

Inventory:

Hand Weapons
 a - a +0 war axe (weapon)
Missiles
 g - 4 poisoned darts
 l - 2 throwing nets
Armour
 b - a +0 scale mail
 c - a +0 buckler (worn)
 o - a +1 chain mail of fire resistance (worn)
Scrolls
 e - 2 scrolls of acquirement {unknown}
 f - 2 scrolls of teleportation {unknown}
 h - a scroll of poison {unknown}
 i - a scroll of identify {unknown}
 m - a scroll of fear {unknown}
Potions
 d - a potion of might
 j - 4 potions of cancellation {unknown}
 k - 3 potions of lignification {unknown}
 n - a potion of curing {unknown}


   Skills:
 + Level 4.4 Fighting
 + Level 3.3 Axes
 + Level 4.4 Armour
 + Level 5.4 Shields


You had 5 spell levels left.
You didn't know any spells.
Your spell library contained the following spells:

 Spells                   Type           Power      Damage    Failure   Level
 Summon Ice Beast         Ice/Summ       0%         N/A       100%        4
 Summon Mana Viper        Hex/Summ       0%         N/A       100%        5
 Monstrous Menagerie      Summ           0%         N/A       100%        7


Dungeon Overview and Level Annotations

Branches:
Dungeon (4/15)
 Temple: D:4-7

Altars:
Makhleb

Annotations:
D:3 2 transporters, Eitelfritz's ghost, weakling MiGl


Innate Abilities, Weirdness & Mutations

You cannot be hasted, slowed, berserked, paralysed or teleported.
You can dig through walls and to a lower floor.
You have a pair of large antennae on your head. (SInv)
Your four strong arms can wield two-handed weapons with a shield.


Message History

* * * LOW HITPOINT WARNING * * *
The iguana attacks as you move away! You block the iguana's attack.
You hit the iguana.
You kill the iguana!
You have reached level 6!
Things that are here:
a +0 short sword; a +0 ring mail You see here a hobgoblin skeleton.
You see here a jackal skeleton.
A jackal comes into view.
The jackal barks!
A gnoll comes into view. It is wielding a +0 whip.
There is a stone staircase leading up here.
The gnoll shouts!
You climb upwards.
Level annotation: 2 transporters, Eitelfritz's ghost, weakling MiGl
There is a stone staircase leading down here.
HP restored.
Partly explored, unvisited transporter and can't reach some places.
You climb downwards.
You block the ogre's attack.
The jackal bites you but does no damage.
You block the jackal's attack.
There is a stone staircase leading up here.
The ogre closely misses you.
The jackal bites you but does no damage.
You climb upwards.
Level annotation: 2 transporters, Eitelfritz's ghost, weakling MiGl
There is a stone staircase leading down here.
You slash the ogre!
The ogre is moderately wounded.
You barely miss the jackal. You block the jackal's attack.
The ogre hits you with a +0 giant spiked club!!
Ouch! That really hurt!
The jackal barely misses you.
You hit the ogre.
The ogre is heavily wounded.
You closely miss the jackal. The jackal barely misses you.
The ogre hits you with a +0 giant spiked club!!
Ouch! That really hurt!
You die...

........###.#######........##
............# ###...).....#
....###########
#.+........###### ....#
#.......###'#.......####⌠#⌠
#####
#...................##≈≈≈≈≈
#...................#⌠≈....
#....>..............##§.._.
##........h.........#⌠≈....
#........@.........##≈≈≈§≈
####'#####O#.......≈####'#
#.# #.#.......≈§≈≈≈.≈
#.#####.#.............#
#.#.....###############
#.#.##### #.#.# #.#.# #.#.#


You could see an ogre and a jackal.

Vanquished Creatures
  An iguana (D:4)
  Natasha (thrice) (D:2)
  3 gnolls (D:2)
  A worm (D:2)
  2 dart slugs (D:1)
  4 orcs
  4 ball pythons
  3 bats
  5 endoplasms
  5 giant cockroaches
  6 goblins
  8 hobgoblins
  5 jackals
  2 quokkas
  4 frilled lizards
  3 kobolds
  4 rats
63 creatures vanquished.

Notes
Turn   | Place    | Note
-------+----------+-------------------------------------------
     0 | D:1      | Descartes the Formicid Fighter began the quest for the Orb.
     0 | D:1      | Reached XP level 1. HP: 18/18 MP: 1/1
     9 | D:1      | Found a faded altar of an unknown god.
   119 | D:1      | Reached XP level 2. HP: 24/24 MP: 2/2
   496 | D:1      | Reached XP level 3. HP: 19/29 MP: 3/3
  1326 | D:2      | Noticed Natasha
  1338 | D:2      | Killed Natasha
  1339 | D:2      | Reached XP level 4. HP: 3/37 MP: 4/4
  1774 | D:2      | Noticed Natasha
  1786 | D:2      | Reached XP level 5. HP: 31/42 MP: 5/5
  1793 | D:2      | Killed Natasha
  1794 | D:2      | Reached skill level 5 in Shields
  1860 | D:2      | Noticed Natasha
  1866 | D:2      | Killed Natasha
  2282 | D:3      | Found a burning altar of Makhleb.
  2730 | D:3      | Found a transporter.
  2730 | D:3      | Noticed Eitelfritz's ghost (weakling MiGl)
  2731 | D:3      | Found a transporter.
  2731 | D:3      | Identified the +6 dire flail "Kota" {pain, Dex+6}
  2731 | D:3      | Noticed an ogre
  2994 | D:4      | Noticed an ogre
  3018 | D:4      | Reached XP level 6. HP: 5/49 MP: 6/6
  3292 | D:3      | Slain by an ogre

Illustrated notes

Levels and vault maps discovered:
D:1:      dpeg_arrival_simpleton_c, layout_basic, basic_ecumenical_altar,
          kennysheep_pointless_box, minmay_misc_feat_square
D:2:      layout_rooms, minmay_misc_feat_cross, uniq_natasha
D:3:      layout_basic, lightli_temple_of_fire, gammafunk_ghost_smash,
          chequers_serial_rivers_room_a
D:4:      lemuel_castle_with_subvaults [lemuel_castle_interior_carwin_2],
          layout_basic, serial_glass, glass_columns_a, glass_columns_b,
          glass_columns_a, glass_columns_c, feat_on_display, feat_on_display

Skill      XL: |  1  2  3  4  5 |
---------------+----------------+-----
Fighting       | 4 |  4.4
Armour         | 4 |  4.4
Axes           | 3 |  3.3
Shields        | 5 |  5.4

Action                   |  1- 3 |  4- 6 || total
-------------------------+-------+-------++-------
Melee: War axe           |    83 |    91 ||   174
Armor: Scale mail        |    36 |    28 ||    64
       Chain mail        |       |    11 ||    11
Dodge: Dodged            |    42 |    47 ||    89
Block: Buckler           |    12 |    34 ||    46
